 Dungeon Crawl Stone Soup version 0.28-a0-1374-ga75cb3825e (console) character file.

Game seed: 15518002829630215987

1441 jejorda2 the Carver (level 8, -4/64 HPs)
             Began as a Merfolk Berserker on Dec 31, 2021.
             Was a Believer of Trog.
             Slain by a shadow (23 damage)
             ... on level 5 of the Dungeon.
             The game lasted 00:10:14 (5941 turns).

jejorda2 the Carver (Merfolk Berserker)             Turns: 5941, Time: 00:10:15

Health: -4/64      AC: 12    Str: 19    XL:     8   Next: 74%
Magic:  8/8        EV:  8    Int:  6    God:    Trog [**....]
Gold:   192        SH:  0    Dex: 14    Spells: 7/7 levels left

rFire   . . .      SeeInvis .   a - +1 falchion
rCold   . . .      Faith    .   (no shield)
rNeg    . . .      Spirit   .   m - +0 chain mail
rPois   .          Reflect  .   b - +0 helmet
rElec   .          Harm     .   (no cloak)
rCorr   .          Rampage  .   x - +1 pair of gloves
Will    .....                   (no boots)
Stlth   ..........              (no amulet)
HPRegen 0.20/turn               (no ring)
MPRegen 0.11/turn               (no ring)

@: on berserk cooldown, slowed, studying Evocations, very slow
A: (nimble swimmer 2), mertail
a: Renounce Religion, Berserk, Trog's Hand


You were on level 5 of the Dungeon.
You worshipped Trog.
Trog was pleased with you.
You visited 1 branch of the dungeon, and saw 5 of its levels.
You also visited: Sewer.

You collected 192 gold pieces.

Inventory:

Hand Weapons
 a - a +1 falchion (weapon)
 i - a +3 dagger of venom
Missiles
 e - 33 stones (quivered)
Armour
 b - a +0 helmet (worn)
 c - a +0 leather armour
 k - a +0 plate armour
 m - a +0 chain mail (worn)
 x - a +1 pair of gloves (worn)
Scrolls
 n - a scroll of immolation {unknown}
 o - a scroll of silence {unknown}
 p - a scroll of fear
 r - a scroll of enchant armour
Potions
 d - 3 potions of mutation
 f - a potion of ambrosia {unknown}
 g - a potion of lignification {unknown}
 h - a potion of flight {unknown}
 j - a potion of attraction {unknown}
 l - 2 potions of haste
 q - 3 potions of curing
 s - a potion of resistance {unknown}
 u - a potion of might {unknown}
 v - 2 potions of cancellation {unknown}
 w - a potion of heal wounds {unknown}


   Skills:
 - Level 6.0 Fighting
 * Level 8.6 Long Blades
 + Level 4.0 Armour
 - Level 2.6 Dodging
 + Level 4.4 Evocations


You had 7 spell levels left.
You didn't know any spells.
Your spell library was empty.

Dungeon Overview and Level Annotations

Branches:
Dungeon (5/15)             Temple (0/1) D:5           Sewer (visited)

Altars:

Shops:
D:2 (


Innate Abilities, Weirdness & Mutations

((You are very nimble when in or above water. (Stealth+, EV+, Speed+++)))
Your lower body shifts to a powerful aquatic tail in water.


Message History

You barely miss Grinder.
Grinder is lightly wounded.
Grinder hits you.
You writhe in agony.
You slash Grinder!
Grinder is moderately wounded.
You slash Grinder!
Grinder is severely wounded.
Grinder barely misses you.
You slash Grinder!
Grinder is almost dead.
Grinder hits you but does no damage.
You barely miss Grinder.
Grinder is almost dead.
You slash Grinder!
You kill Grinder!
Trog accepts your kill.
Your Armour skill increases to level 4!
Your Evocations skill increases to level 4!
Found a war axe.
You feel a strong urge to attack something.
You feel the effects of Trog's Hand fading.
o - a scroll labelled NAODWU QITHIOJ You are no longer berserk.
You are exhausted.
You feel yourself slow down.
(D) Dungeon (T) Temple
Where to? (Enter - D:5, ? - help)
A shadow comes into view.
Your skin stops crawling.
You feel less strong-willed.
The shadow slips into darkness.
The shadow flickers and vanishes!
Deactivating autopickup; reactivate with Ctrl-A.
The shadow strikes at you from the darkness!
* * * LOW HITPOINT WARNING * * *
Reactivating autopickup.
The shadow slips into darkness.
The shadow flickers and vanishes!
Deactivating autopickup; reactivate with Ctrl-A.
The shadow strikes at you from the darkness!
You die...

..†.......#.#...................#
............#.........###.......#
....#.................##.........
.................................
.......................##........
.....................###.........
...................#.# ##.......
....)........#......## ##.......)
............ ###@...####.........
........... #..#..#.##.........
.......... #))#........##...#.
...........####<##.......##..###
..............#.......##.###.#
###...#...........###..#.##..#
#...###...............##.#...#
.(.###..........#............##
........##.8.#..#..######.....#..


There were no monsters in sight!

Vanquished Creatures
  Grinder (D:5)
  Menkaure (D:5)
  2 sky beasts
  An ogre (D:5)
  2 bullfrogs (Sewer)
  3 scorpions (D:5)
  2 wyvern skeletons
  A jelly (D:4)
  A howler monkey (D:5)
  A centaur zombie (D:5)
  An orc priest (D:4)
  2 orc wizards (D:4)
  13 adders
  5 river rats
  A white imp (D:5)
  An adder skeleton (D:4)
  2 worms
  2 dart slugs (D:1)
  11 orcs
  16 ball pythons
  5 endoplasms
  3 giant cockroaches
  3 goblins
  6 hobgoblins
  A quokka (D:4)
  4 bats
  3 frilled lizards (Sewer)
  3 kobolds
  26 rats
123 creatures vanquished.

Notes
Turn   | Place    | Note
-------+----------+-------------------------------------------
     0 | D:1      | jejorda2 the Merfolk Berserker began the quest for the Orb.
     0 | D:1      | Reached XP level 1. HP: 18/18 MP: 1/1
   294 | D:1      | Reached XP level 2. HP: 24/24 MP: 2/2
   648 | D:1      | Found a faded altar of an unknown god.
   723 | D:1      | Reached XP level 3. HP: 29/29 MP: 3/3
   827 | D:2      | Reached skill level 4 in Long Blades
   975 | D:2      | Found Ysinloj's Weapon Emporium.
  1160 | D:2      | HP: 1/30 [poisoned by an adder]
  1990 | D:2      | Reached XP level 4. HP: 37/37 MP: 4/4
  3028 | D:4      | Reached XP level 5. HP: 19/42 MP: 5/5
  3032 | D:4      | Reached skill level 5 in Long Blades
  3137 | D:4      | Found a glowing drain.
  3224 | Sewer    | Entered a sewer
  3491 | Sewer    | Reached ** piety under Trog
  3503 | Sewer    | Reached XP level 6. HP: 49/49 MP: 6/6
  3746 | Sewer    | Reached skill level 6 in Long Blades
  3765 | Sewer    | Reached skill level 5 in Fighting
  4147 | D:4      | Noticed a sky beast
  4161 | D:4      | Killed a sky beast
  4162 | D:4      | Reached XP level 7. HP: 38/56 MP: 7/7
  4808 | D:5      | Entered Level 5 of the Dungeon
  4819 | D:5      | Identified a scroll of acquirement
  4819 | D:5      | Acquired a manual of Evocations
  4857 | D:5      | Reached skill level 7 in Long Blades
  5084 | D:5      | Reached skill level 1 in Evocations
  5282 | D:5      | Found a staircase to the Ecumenical Temple.
  5320 | D:5      | Noticed Menkaure
  5327 | D:5      | Killed Menkaure
  5328 | D:5      | Reached XP level 8. HP: 19/64 MP: 8/8
  5727 | D:5      | Reached skill level 8 in Long Blades
  5912 | D:5      | Noticed Grinder
  5914 | D:5      | Reached *** piety under Trog
  5926 | D:5      | Killed Grinder
  5933 | D:5      | Noticed a shadow
  5941 | D:5      | Slain by a shadow

Illustrated notes

Levels and vault maps discovered:
D:1:      nzn_arrival_water_spiral, layout_basic,
          chequers_ecumenical_altar_simple_redux
D:2:      layout_loops_corners, serial_shops, nicolae_shop_bloodbath_and_beyond,
          nrook_campfire
D:3:      layout_loops_ring
D:4:      layout_loops_ring, gup_sewer_entry_bowl, kennysheep_generic_room_14
D:5:      layout_cave_pools, minmay_temple_entry_statues_pillars,
          nicolae_elevator_lobby_plus, uniq_menkaure, uniq_grinder

Skill      XL: |  1  2  3  4  5  6  7  8 |
---------------+-------------------------+-----
Long Blades    | 4 5 6 7 8 |  8.6
Armour         | 2 3 4 |  4.0
Fighting       | 4 5 6 |  6.0
Evocations     | 2 4 |  4.4
Dodging        | |  2.6

Action                   |  1- 3 |  4- 6 |  7- 9 || total
-------------------------+-------+-------+-------++-------
Melee: Falchion          |    95 |   199 |   151 ||   445
       Tailslap          |       |    10 |       ||    10
Throw: Stone             |     2 |    10 |       ||    12
Invok: Berserk           |     3 |     7 |     5 ||    15
       Trog's Hand       |       |       |     2 ||     2
  Use: Scroll            |       |     4 |     6 ||    10
 Stab: Sleeping          |     2 |       |       ||     2
Armor: Leather armour    |    19 |    14 |       ||    33
       Animal skin       |     2 |       |       ||     2
       Chain mail        |       |   119 |   111 ||   230
Dodge: Dodged            |    59 |   120 |    37 ||   216

Table legend: (Time is in decaauts)
 A = Elapsed time spent in this place.
 B = Non-inter-level travel time spent in this place.
 C = Inter-level travel time spent in this place.
 D = Time resting spent in this place.
 E = Time spent auto-exploring this place.
 F = Levels seen in this place.
 G = Mean time per level.
                   A        B        C        D        E       F      G
               +--------+--------+--------+--------+--------+-----+--------+
         Total |   6025 |   5942 |     83 |   1154 |   3679 |   6 | 1004.2 |
       Dungeon |   5320 |   5237 |     83 |   1087 |   3230 |   5 | 1064.0 |
         Sewer |    705 |    705 |      0 |     67 |    449 |   1 |  705.0 |
               +--------+--------+--------+--------+--------+-----+--------+

Top non-repeatable levels by time:
     D:2: 1428 daAuts
     D:4: 1358 daAuts
     D:5: 1040 daAuts
     D:1: 816 daAuts
   Sewer: 705 daAuts
     D:3: 676 daAuts
